cohdb
Replays
Latest Replays
All Replays
Popular Replays
Top Player Replays
Match Explorer
How It Works
Community
CoH3 Stats
Reddit
Sign in to upload your games and track your stats! →
Sign in with Steam
Match 43515144
Unlisted
Match 43515144
Overview
Messages
Build Orders
End
Pioneer Squad
Construct Infanterie Kompanie
MG 42 Machine Gun Team
GrW 34 Mortar Team
Grenadier Squad
Grenadier Squad
Construct Luftwaffe Kompanie
Flak 30 Anti-aircraft Gun Team
Infanterie Officer Quarters
Jäger Squad
The Fresh Prince
pp123p
kenleung
Eric
saint087
Walther
HuaLim
THE one-冰封夕阳
0
0
Comments
sign in to comment!
No comments posted yet!